 Dungeon Sprint DCSS version 0.20-a0-270-g8e735b6 (webtiles) character file.

10 jerryfan the Skirmisher (level 2, -1/35 HPs)
             Began as an Ogre Berserker on Dec 9, 2016.
             Was a Priest of Trog.
             Slain by a gnoll
             ... wielding a +0 halberd
              (9 damage)
             ... in the Dungeon (Sprint VII: "The Pits").
             The game lasted 00:01:40 (186 turns).

jerryfan the Skirmisher (Ogre Berserker)             Turns: 186, Time: 00:01:40

Health: -1/35      AC:  3    Str: 21    XL:     2   Next: 20%
Magic:  2/2        EV: 11    Int:  6    God:    Trog [***...]
Gold:   0          SH:  0    Dex:  9    Spells: 1/1 levels left

rFire  . . .     SeeInvis .     k - +2 mace
rCold  . . .     Gourm    .     b - +0 animal skin
rNeg   . . .     Faith    .     (no shield)
rPois  .         Spirit   .     (helmet restricted)
rElec  .         Reflect  .     (no cloak)
rCorr  .         Harm     .     (gloves unavailable)
MR     .....     NoTele   +     (boots unavailable)
Stlth  +.........               (no amulet)
                                (no ring)
                                (no ring)

@: exhausted
A: unfitting armour, tough skin 1
a: Berserk, Trog's Hand, Burn Spellbooks, Renounce Religion


You were in the Dungeon.
You worshipped Trog.
Trog was most pleased with you.
You were completely stuffed.

You visited 1 branch

Inventory:

Hand Weapons
 a - a +0 mace
 k - a +2 mace (weapon)
Armour
 b - a +0 animal skin (worn)
Scrolls
 i - a scroll of blinking
 m - 3 scrolls of remove curse
 n - a scroll of summoning
 q - 2 scrolls of vulnerability
Potions
 d - a potion of curing
 e - a potion of heal wounds
 f - a potion of haste
 g - 4 potions of magic
 h - 3 potions of berserk rage
 l - 2 potions of invisibility
Comestibles
 c - 8 bread rations
 j - 5 chunks of flesh
 o - 32 fruits
 p - 7 meat rations


   Skills:
 + Level 5.2 Fighting
 + Level 5.2 Maces & Flails
 + Level 3.4 Dodging


You had one spell level left.
You didn't know any spells.

Dungeon Overview and Level Annotations

Branches:
Dungeon (1/1)

Altars:
Ashenzari
Cheibriados
Dithmenos
Elyvilon
Fedhas
Gozag
Hepliaklqana
Kikubaaqudgha
Makhleb
Nemelex Xobeh
Okawaru
Qazlal
Ru
Sif Muna
Trog
Uskayaw
Vehumet
Xom
Yredelemnul
Zin
The Shining One
Beogh
Jiyva
Lugonu


Innate Abilities, Weirdness & Mutations

You are too large for most types of armour.
You have tough skin. (AC +1)


Message History

You start eating one of the 34 fruits.
Mmmm...
Yummy pear.
You start eating one of the 33 fruits.
That banana was delicious!
Even the peel tasted good!
Unknown command.
You start resting.
You feel yourself speed up.
As you open the large door, it creaks loudly! 5 gnolls come into view.
The gnoll shouts! x4; You hear a shout! x2
The gnoll hits you from afar with a halberd!
* * * LOW HITPOINT WARNING * * *
You hear a shout!
A worker ant and a gnoll come into view.
The worker ant twitches its antennae in your direction.
A gnoll sergeant comes into view. It is wielding a spear.
There is an open door, spattered with blood here.
There is an open door here.
The gnoll hits you from afar with a halberd!
You die...

#__________# #__________#
#____#####'###########++
######)).#.##...........
#.?(.')))'.##......#..#.
##########.##...........
#..........รท'...........
#+#####)#####......#..#.
#. #..@'.##...........
#..#...#g#####'#####++
#..#####.##.......#
#.g'...#.##.......#
#.g'agg'g##.......#
#g.########...<...# #g
#.......# # #.......#
#.......#


You could see a gnoll.

Vanquished Creatures
  An orc (D)
  4 jackals (D)
  A quokka (D)
  A ball python (D)
  A ball python zombie (D)
8 creatures vanquished.

Notes
Turn   | Place    | Note
-------+----------+-------------------------------------------
     0 | D        | jerryfan the Ogre Berserker began the quest for the Orb.
     0 | D        | Reached XP level 1. HP: 24/24 MP: 1/1
    55 | D        | Found a radiant altar of Vehumet.
    55 | D        | Found a hide-covered altar of Uskayaw.
    55 | D        | Found an ancient bone altar of Kikubaaqudgha.
    55 | D        | Found a viscous altar of Jiyva.
    55 | D        | Found a hazy altar of Hepliaklqana.
    56 | D        | Found a bloodstained altar of Trog.
    56 | D        | Found a deep blue altar of Sif Muna.
    56 | D        | Found a sacrificial altar of Ru.
    56 | D        | Found a stormy altar of Qazlal.
    56 | D        | Found an iron altar of Okawaru.
    56 | D        | Found a sparkling altar of Nemelex Xobeh.
    56 | D        | Found an opulent altar of Gozag.
    56 | D        | Found a blossoming altar of Fedhas.
    56 | D        | Found a white marble altar of Elyvilon.
    56 | D        | Found a shadowy altar of Dithmenos.
    56 | D        | Found a snail-covered altar of Cheibriados.
    57 | D        | Found a glowing golden altar of the Shining One.
    57 | D        | Found a glowing silver altar of Zin.
    79 | D        | Found a roughly hewn altar of Beogh.
    79 | D        | Found a burning altar of Makhleb.
    79 | D        | Found a basalt altar of Yredelemnul.
    80 | D        | Found a shattered altar of Ashenzari.
    80 | D        | Found a corrupted altar of Lugonu.
    80 | D        | Found a shimmering altar of Xom.
   112 | D        | Reached ** piety under Trog
   136 | D        | Reached skill level 5 in Fighting
   136 | D        | Reached XP level 2. HP: 15/35 MP: 2/2
   139 | D        | Reached skill level 5 in Maces & Flails
   140 | D        | Reached *** piety under Trog
   180 | D        | Noticed a gnoll sergeant
   186 | D        | Slain by a gnoll

Vault maps used:
D:        pitsprint

Skill      XL: |  1  2 |
---------------+-------+-----
Dodging        | 3 |  3.4
Fighting       | 5 |  5.2
Maces & Flails | 5 |  5.2

Action                   || total
-------------------------++-------
Melee: Mace              ||    18
Invok: Berserk           ||     1
  Eat: Fruit             ||     8
Armor: Animal skin       ||     5
Dodge: Dodged            ||    18
